 Dungeon Crawl Stone Soup version 0.21.1-1-g345015f (webtiles) character file.

200 Tarasboulda the Chiller (level 5, 0/31 HPs)
             Began as a Merfolk Ice Elementalist on June 8, 2018.
             Slain by an orc wizard
             ... wielding a +0 dagger
              (2 damage)
             ... on level 3 of the Dungeon.
             The game lasted 00:07:32 (1728 turns).

Tarasboulda the Chiller (Merfolk Ice Elementalist)  Turns: 1728, Time: 00:07:33

Health: 0/31       AC:  7    Str:  9    XL:     5   Next: 78%
Magic:  6/17       EV: 13    Int: 14    God:
Gold:   107        SH:  0    Dex: 15    Spells: 4/8 levels left

rFire    + . .     SeeInvis .   e - +0 trident
rCold    + . .     Gourm    .   (no shield)
rNeg     . . .     Faith    .   a - +0 robe
rPois    +         Spirit   .   (helmet restricted)
rElec    +         Reflect  .   (no cloak)
rCorr    +         Harm     .   (no gloves)
MR       +....                  (no boots)
Stlth    ++........             (no amulet)
HPRegen  0.10/turn              m - ring of wizardry
MPRegen  0.15/turn              i - ring of magical power

@: icy armour (expiring), resistant, slow
A: change form in water, swift swim, stealthy swim, horns 1, deterioration 1,
frail 1, magic resistance 1
a: no special abilities


You were on level 3 of the Dungeon.
You were hungry.

You visited 1 branch of the dungeon, and saw 3 of its levels.

You collected 107 gold pieces.

Inventory:

Hand Weapons
 e - a +0 trident (weapon)
 j - a +0 dagger
 k - a +2 dagger of draining
Armour
 a - a +0 robe (worn)
Jewellery
 h - an uncursed ring of positive energy
 i - a ring of magical power (right hand)
 m - a ring of wizardry (left hand)
Scrolls
 d - 3 scrolls of identify
 f - 5 scrolls of remove curse
 g - a scroll of magic mapping
Potions
 l - a potion of resistance
Books
 b - a book of Frost

   Spells                             Type                      Level
   a - Freeze                         Ice                          1
   b - Throw Frost                    Conjuration/Ice              2
   c - Ozocubu's Armour               Charms/Ice                   3
   d - Throw Icicle                   Conjuration/Ice              4
   e - Summon Ice Beast               Ice/Summoning                4
 n - a book of Conjurations

   Spells                             Type                      Level
   a - Magic Dart                     Conjuration                  1
   b - Searing Ray                    Conjuration                  2
   c - Dazzling Spray                 Conjuration/Hexes            3
   d - Fulminant Prism                Conjuration/Hexes            4
   e - Force Lance                    Conjuration/Translocation    4
   f - Iskenderun's Mystic Blast      Conjuration                  4
Comestibles
 c - 9 rations


   Skills:
 - Level 0.1 Fighting
 - Level 0.4 Short Blades
 * Level 2.7 Polearms
 + Level 3.3 Dodging
 + Level 2.5 Stealth
 - Level 2.0 Spellcasting
   Level 0.7 Conjurations
 + Level 6.0 Ice Magic


You had 4 spell levels left.
You knew the following spells:

 Your Spells              Type           Power        Failure   Level  Hunger
a - Freeze                Ice            ###.         1%          1    ##.....
b - Ozocubu's Armour      Chrm/Ice       #.......     9%          3    ####...


Dungeon Overview and Level Annotations

Branches:
Dungeon (3/15)

Altars:
Sif Muna
Trog


Innate Abilities, Weirdness & Mutations

You revert to your normal form in water.
You are very nimble and swift while swimming.
You are very stealthy in the water. (Stealth+)
You have a pair of small horns on your head.
Your body sometimes deteriorates upon taking damage.
You are frail. (-10% HP)
You are resistant to hostile enchantments. (MR+)


Message History

Something hits you but does no damage. Something hits you but does no damage.
A magic dart appears from out of thin air!
The magic dart hits you!
* * * LOW HITPOINT WARNING * * *
Your magical contamination has completely faded away.
You hear some strange, mumbled words.
A puff of flame appears from out of thin air!
The puff of flame hits you!
* * * LOW HITPOINT WARNING * * *
You hear some strange, mumbled words.
A puff of frost appears from out of thin air!
The puff of frost misses you. The heat melts your icy armour.
Unknown command.
Okay, then.
It was a potion of resistance.
You feel protected. Something hits you.
You die...

. #.#..#..# .#. . #.#.# ..#
### .. .####.#.# ..# ..# ..
...##.#.# #.#### #.# .#
!#....#.# #....# #.##..#
..###.(.###.##.# #..#..#
.............#.# #.....#
.........†.....###.<...###
..####......l.o.@..†.......
#†# #.#.#.....o.......###.
#o# #.#.####............#
#.# #.#.# #...........#...
#)######o#...###...........
...?o...l..## ##..........
#.....#........ .......s..
#####........l............
###........#


You could see 2 orcs, a giant cockroach (wandering) and a frilled lizard.

Vanquished Creatures
  The ghost of RudyRod the Chiller, an amateur NaIE (D:3)
  An orc priest (D:2)
  An orc wizard (D:2)
  3 adders (D:2)
  An ooze (D:2)
  A worm (D:2)
  A dart slug (D:3)
  A leopard gecko (D:1)
  4 orcs
  A ball python (D:2)
  A goblin (D:1)
  4 hobgoblins
  3 kobolds (D:2)
  5 rats
28 creatures vanquished.

Notes
Turn   | Place    | Note
-------+----------+-------------------------------------------
     0 | D:1      | Tarasboulda the Merfolk Ice Elementalist began the quest for the Orb.
     0 | D:1      | Reached XP level 1. HP: 13/13 MP: 3/3
   409 | D:1      | Reached XP level 2. HP: 19/19 MP: 5/5
   561 | D:2      | Found a bloodstained altar of Trog.
   703 | D:2      | Reached skill level 4 in Ice Magic
   760 | D:2      | Reached XP level 3. HP: 14/24 MP: 6/6
   776 | D:2      | Reached skill level 5 in Ice Magic
   776 | D:2      | Reached XP level 4. HP: 5/30 MP: 6/7
   791 | D:2      | Gained mutation: Your body sometimes deteriorates upon taking damage. [potion of mutation]
   791 | D:2      | Gained mutation: You are resistant to hostile enchantments. (MR+) [potion of mutation]
   791 | D:2      | Gained mutation: You are frail. (-10% HP) [potion of mutation]
   791 | D:2      | Gained mutation: You have a pair of small horns on your head. [potion of mutation]
   794 | D:2      | HP: 1/27 [poisoned by an adder]
  1263 | D:2      | Learned a level 3 spell: Ozocubu's Armour
  1402 | D:2      | Found a deep blue altar of Sif Muna.
  1471 | D:2      | Reached skill level 1 in Polearms
  1683 | D:3      | Noticed RudyRod's ghost (amateur NaIE)
  1700 | D:3      | Reached XP level 5. HP: 26/31 MP: 8/8
  1706 | D:3      | Killed RudyRod's ghost
  1706 | D:3      | Reached skill level 6 in Ice Magic
  1728 | D:3      | Slain by an orc wizard

Skill      XL: |  1  2  3  4  5 |
---------------+----------------+-----
Ice Magic      | 4 5 6 |  6.0
Dodging        | 3 |  3.3
Polearms       | 1 2 |  2.7
Fighting       | |  0.1
Short Blades   | |  0.4
Stealth        | |  2.5
Spellcasting   | |  2.0
Conjurations   | |  0.7

Action                   |  1- 3 |  4- 6 || total
-------------------------+-------+-------++-------
Melee: Dagger            |     3 |       ||     3
       Trident           |       |     7 ||     7
 Cast: Freeze            |    24 |    36 ||    60
       Ozocubu's Armour  |       |     2 ||     2
  Use: Scroll            |       |     2 ||     2
       Potion            |       |     2 ||     2
  Eat: Ration            |       |     1 ||     1
Armor: Robe              |     6 |     9 ||    15
Dodge: Dodged            |    11 |    23 ||    34
